 Dungeon Crawl Stone Soup version 0.31-a0-175-g9f7f995f2b (webtiles) character file.

Game seed: 11742421158529281121

245 Hubris850 the Ducker (level 6, -1/38 HPs)
             Began as a Tengu Reaver on June 16, 2023.
             Was a Believer of Trog.
             Slain by Eustachio
             ... wielding a +0 rapier
              (5 damage)
             ... on level 4 of the Dungeon.
             The game lasted 00:08:05 (2973 turns).

Hubris850 the Ducker (Tengu Reaver)                 Turns: 2973, Time: 00:08:06

Health: -1/38      AC:  5    Str: 14    XL:     6   Next: 10%
Magic:  10/10      EV: 14    Int: 14    God:    Trog [**....]
Gold:   132        SH:  5    Dex: 12    Spells: 8/9 levels left

rFire   . . .        i - +1 dagger (venom)
rCold   . . .        (no shield)
rNeg    + . .        e - +0 ring mail
rPois   .            (helmet restricted)
rElec   .            (no cloak)
rCorr   .            (no gloves)
SInv    .            (boots unavailable)
Will    +....        u - amulet of reflection
Stlth   +            m - ring of positive energy
HPRegen 0.26/turn    o - ring of willpower
MPRegen 0.12/turn

%: reflection
@: flying quickly and evasively, quick
A: beak, talons 3, nimble flight
a: Renounce Religion, Berserk, Trog's Hand


You were on level 4 of the Dungeon.
You worshipped Trog.
Trog was pleased with you.
You visited 1 branch of the dungeon, and saw 4 of its levels.

You collected 132 gold pieces.

Inventory:

Hand Weapons
 a - a +0 falchion
 i - a +1 dagger of venom (weapon)
Missiles
 n - 2 boomerangs (quivered)
 p - a throwing net
Armour
 b - a +0 leather armour
 e - a +0 ring mail (worn)
Jewellery
 m - a ring of positive energy (left hand)
 o - a ring of willpower (right hand)
 u - an amulet of reflection (around neck)
Wands
 v - a wand of polymorph (2)
Scrolls
 c - a scroll of noise {unknown}
 f - 3 scrolls of identify {unknown}
 j - a scroll of fear {unknown}
 k - a scroll of poison {unknown}
 q - 2 scrolls of revelation {unknown}
 t - 3 scrolls of immolation {unknown}
Potions
 d - a potion of attraction {unknown}
 g - 2 potions of enlightenment {unknown}
 h - a potion of ambrosia {unknown}
 l - a potion of lignification {unknown}
 r - a potion of curing {unknown}
 s - a potion of brilliance {unknown}
 w - a potion of might {unknown}


   Skills:
 + Level 4.1 Fighting
 - Level 3.2 Long Blades
 - Level 3.0 Armour
 + Level 4.4 Dodging
 - Level 2.0 Spellcasting
 - Level 4.0 Conjurations


You had 8 spell levels left.
You knew the following spells:

 Your Spells              Type           Power      Damage    Failure   Level
a - Kiss of Death         Conj/Necr      28%        2d7       21%         1

Your spell library contained the following spells:

 Spells                   Type           Power      Damage    Failure   Level
 Momentum Strike          Conj/Tloc      14%        3d8       30%         2
 Sandblast                Erth           2%         2d4       43%         1
 Hailstorm                Conj/Ice       7%         3d4       52%         3
 Stone Arrow              Conj/Erth      14%        3d7       52%         3
 Passwall                 Tmut/Erth      0%         N/A       56%         2


Dungeon Overview and Level Annotations

Branches:
Dungeon (4/15)
 Temple: D:4-7

Altars:
Trog

Shops:
D:2 !

Annotations:
D:4 Eustachio


Innate Abilities, Weirdness & Mutations

You have a beak for a mouth.
You have claws for feet.
Your magical nature lets you fly swiftly and evasively.


Message History

You hit Eustachio.
Eustachio looks as sick as possible!
Eustachio is moderately wounded.
Eustachio hits you with a +0 rapier.
You are too injured to fight recklessly!
You are too injured to fight recklessly!
You are too injured to fight recklessly!
You are too injured to fight recklessly!
You hit Eustachio but do no damage.
Eustachio looks as sick as possible!
You peck Eustachio.
Eustachio is moderately wounded.
You closely miss Eustachio. Your kick misses Eustachio.
Your peck misses Eustachio.
Eustachio is heavily wounded.
Eustachio gestures wildly while chanting.
You hit Eustachio but do no damage.
Eustachio looks as sick as possible!
Your kick misses Eustachio.
Eustachio is heavily wounded.
Eustachio twirls his moustache.
Eustachio hits you with a +0 rapier! The quokka bites you.
* * * LOW HITPOINT WARNING * * *
Eustachio casts a spell.
The quokka attacks as you move away! The quokka misses you.
Eustachio casts a spell.
Eustachio blinks!
You miss Eustachio.
Eustachio is severely wounded.
Eustachio hits you with a +0 rapier.
* * * LOW HITPOINT WARNING * * *
You closely miss Eustachio. Your kick misses Eustachio.
Eustachio is almost dead.
Eustachio barely misses you.
You barely miss Eustachio.
Eustachio is almost dead.
Eustachio hits you with a +0 rapier.
* * * LOW HITPOINT WARNING * * *
You hit Eustachio but do no damage.
Eustachio looks as sick as possible!
Your kick misses Eustachio.
Eustachio is almost dead.
Eustachio hits you with a +0 rapier.
You die...

### ### ..
..# #. ..#
#.####r.####.
#.<@@rr......
######r.#####
..# ....
.#### .# .#
##


You could see Eustachio (extremely poisoned), a river rat (summoned), 2 quokkas
and a rat (summoned).

Vanquished Creatures
  The ghost of Moral the Vexing, a weakling DEHs (D:3)
  Jessica (D:2)
  Natasha (thrice) (D:3)
  4 gnolls (D:3)
  A dart slug (D:1)
  4 orcs (D:3)
  7 ball pythons
  8 endoplasms
  2 giant cockroaches (D:3)
  2 goblins (D:2)
  6 hobgoblins
  4 jackals (D:2)
  3 quokkas
  8 bats
  A frilled lizard (D:2)
  4 kobolds
  4 rats
63 creatures vanquished.

Notes
Turn   | Place    | Note
-------+----------+-------------------------------------------
     0 | D:1      | Hubris850 the Tengu Reaver began the quest for the Orb.
     0 | D:1      | Reached XP level 1. HP: 12/12 MP: 4/4
   243 | D:1      | Reached XP level 2. HP: 13/17 MP: 6/6
   701 | D:1      | Reached skill level 1 in Armour
   840 | D:1      | Found a faded altar of an unknown god.
   855 | D:1      | Prayed at the altar of an unknown god.
   855 | D:1      | Became a worshipper of Trog the Wrathful
   855 | D:1      | Reached * piety under Trog
  1154 | D:2      | Reached XP level 3. HP: 21/22 MP: 7/7
  1493 | D:2      | Found Fyifu's Distillery.
  1743 | D:2      | Noticed Jessica
  1748 | D:2      | Killed Jessica
  1749 | D:2      | Reached XP level 4. HP: 28/28 MP: 8/8
  2031 | D:3      | Reached ** piety under Trog
  2115 | D:3      | Noticed Natasha
  2144 | D:3      | Killed Natasha
  2145 | D:3      | Gained mutation: Your magical nature lets you fly swiftly
                  | and evasively. [Tengu growth]
  2145 | D:3      | Reached XP level 5. HP: 14/32 MP: 9/9
  2424 | D:3      | Noticed Natasha
  2428 | D:3      | Killed Natasha
  2502 | D:3      | Found a large runed translucent door.
  2502 | D:3      | Found a large runed translucent door.
  2503 | D:3      | Noticed Moral's ghost (weakling DEHs)
  2554 | D:3      | Noticed Natasha
  2563 | D:3      | Killed Natasha
  2940 | D:3      | Killed Moral's ghost
  2941 | D:3      | Reached XP level 6. HP: 37/38 MP: 10/10
  2957 | D:4      | Noticed Eustachio
  2973 | D:4      | Slain by Eustachio

Illustrated notes

Levels and vault maps discovered:
D:1:      matt_arrival_debris, layout_basic, dreamdust_ecumenical_altar_statues,
          dreamdust_mushroom_princess
D:2:      layout_loops_corners, serial_shops, nicolae_shop_tiny_real_fake_doors,
          uniq_jessica
D:3:      layout_basic, ebering_ghost_disaster_area, uniq_natasha
D:4:      layout_loops_ring, grunt_temple_overflow_cloverleaf, uniq_sigmund,
          uniq_eustachio

Skill      XL: |  1  2  3  4  5 |
---------------+----------------+-----
Armour         | 1 2 3 |  3.0
Dodging        | 3 4 |  4.4
Fighting       | 3 4 |  4.1
Long Blades    | |  3.2
Spellcasting   | |  2.0
Conjurations   | |  4.0

Action                     |  1- 3 |  4- 6 || total
---------------------------+-------+-------++-------
  Melee: Falchion          |    19 |       ||    19
         Kick              |    17 |    27 ||    44
         Peck              |     9 |    14 ||    23
         Dagger            |    58 |    89 ||   147
 Invoke: Trog's Hand       |       |     1 ||     1
 Armour: Ring mail         |    24 |    10 ||    34
         Leather armour    |     7 |       ||     7
  Dodge: Dodged            |    40 |    41 ||    81
  Block: Other             |       |     2 ||     2

Table legend: (Time is in decaauts)
 A = Elapsed time spent in this place.
 B = Non-inter-level travel time spent in this place.
 C = Inter-level travel time spent in this place.
 D = Time resting spent in this place.
 E = Time spent auto-exploring this place.
 F = Levels seen in this place.
 G = Mean time per level.
                   A        B        C        D        E       F      G
               +--------+--------+--------+--------+--------+-----+--------+
         Total |   2896 |   2787 |    109 |     54 |   2288 |   4 |  724.0 |
       Dungeon |   2896 |   2787 |    109 |     54 |   2288 |   4 |  724.0 |
               +--------+--------+--------+--------+--------+-----+--------+

Top non-repeatable levels by time:
     D:1: 1109 daAuts
     D:2: 908 daAuts
     D:3: 862 daAuts
     D:4: 16 daAuts
